Map: Catalyst LE

Players

Stalker

  • Race: Terran Terran
  • League: Gold
  • Spawn Location: 5:00

ILIEKEGGPIE - Winner!

  • Race: Zerg Zerg
  • League: Platinum
  • Spawn Location: 11:00

VOD

Have the link to the VOD?

Description

Time

  • Played on: June 7, 2018, 11:33 a.m.
  • Length: 21:49
Show
View Real Time Build Order
Export as new Build Order

Stalker Terran 

Build Orders:  

Get SALT Encoding   

  12  0:01  SCV  
  13  0:13  SCV  
  14  0:25  Supply Depot  
  14  0:26  SCV  
  15  0:31  Refinery  
  15  0:47  SCV  
  16  0:51  Barracks  
  16  0:59  SCV  
  17  1:04  Refinery  
  17  1:11  SCV  
  18  1:21  Supply Depot  
  18  1:23  SCV  
  19  1:35  SCV  
  20  1:42  Factory, Reaper  
  21  1:56  SCV  
  22  2:08  SCV  
  22  2:12  Supply Depot  
  23  2:23  SCV  
  24  2:35  SCV  
  24  2:37  Factory Reactor  
  25  2:39  Barracks Reactor  
  25  2:47  Starport  
  25  2:49  Orbital Command  
  24  3:14  Cyclone x2  
  24  3:17  Marine  
  31  3:28  Starport Tech Lab  
  31  3:36  Fusion Core  
  31  3:40  Supply Depot  
  31  3:47  Hellion  
  31  3:48  Hellion  
  35  3:49  Marine  
  35  3:50  Marine  
  37  4:04  Supply Depot  
  37  4:16  Hellion  
  41  4:17  Hellion  
  41  4:19  Marine  
  42  4:30  Battlecruiser  
  48  4:42  Cyclone  
  51  4:55  Hellion  
  53  5:02  Starport  
  53  5:44  Starport Tech Lab  
  53  6:09  Liberator  
  53  6:17  Battlecruiser  
  40  7:12  Banshee  
  43  7:21  Banshee  
  46  7:27  Hellion  
  44  7:42  Liberator  
  38  8:04  Marine  
  37  8:22  Marine  
  37  8:40  Marine  
  38  8:57  Command Center  
  38  8:58  Marine  
  39  9:04  Factory  
  39  9:08  Factory  
  39  9:15  Marine  
  40  9:33  Marine  
  38  9:49  Battlecruiser  
  32  10:23  Factory Reactor  
  32  10:24  Factory Tech Lab  
  32  10:45  SCV  
  32  10:48  Supply Depot  
  32  10:49  SCV  
  34  10:55  Siege Tank  
  37  10:57  SCV  
  37  11:01  SCV  
  39  11:06  Engineering Bay  
  39  11:07  Weapon Refit  
  39  11:10  Supply Depot, SCV  
  40  11:13  SCV  
  40  11:15  Refinery  
  40  11:18  Refinery  
  41  11:22  SCV  
  41  11:25  SCV, Barracks Reactor  
  43  11:32  Supply Depot  
  43  11:33  Siege Tank  
  43  11:34  Cyclone, SCV  
  43  11:37  SCV  
  43  11:39  Hellion  
  53  11:45  Supply Depot  
  53  11:48  Missile Turret  
  53  12:11  Siege Tank, Cyclone  
  59  12:22  Missile Turret  
  59  12:34  Missile Turret  
  59  12:37  Armory  
  59  12:42  Missile Turret  
  59  12:43  Siege Tank  
  62  12:56  Missile Turret  
  62  13:00  SCV  
  62  13:01  SCV  
  64  13:12  SCV  
  65  13:13  Missile Turret, SCV  
  65  13:15  Siege Tank  
  69  13:22  Missile Turret  
  69  13:24  SCV  
  69  13:25  SCV  
  71  13:29  Cyclone  
  71  13:30  Cyclone  
  77  13:36  Terran Vehicle Weapons Level 1  
  77  13:37  SCV  
  78  13:47  Siege Tank  
  81  14:13  Barracks  
  81  14:19  Siege Tank  
  84  14:27  Missile Turret  
  84  14:32  Missile Turret  
  84  15:01  Command Center  
  84  15:18  Supply Depot  
  84  15:22  Supply Depot  
  84  15:40  Battlecruiser  
  84  15:41  Supply Depot  
  89  15:44  Battlecruiser  
  95  15:53  Orbital Command  
  95  16:09  Supply Depot  
  95  16:13  SCV  
  95  16:18  Refinery  
  96  16:25  Missile Turret, SCV  
  97  16:28  Missile Turret  
  97  16:37  SCV  
  98  16:49  SCV  
  99  16:55  Siege Tank, Cyclone x2  
  99  16:57  Marine  
  109  17:02  SCV  
  109  17:05  Missile Turret  
  110  17:14  SCV  
  110  17:15  Marine  
  112  17:26  SCV  
  113  17:33  Marine  
  114  17:50  Marine  
  114  17:51  Siege Tank  
  101  17:52  Cyclone x2  
  72  18:08  Marine  
  55  18:23  Siege Tank  
  55  18:24  Cyclone x2  
  50  18:39  Battlecruiser  
  52  18:43  SCV  
  52  18:47  Refinery  
  50  18:55  Cyclone  
  53  18:56  SCV  
  53  18:57  Medivac  
  56  19:08  SCV  
  57  19:12  Barracks  
  57  19:19  Factory  
  57  19:20  SCV  
  58  19:27  Siege Tank  
  61  19:32  SCV  
  61  19:33  Liberator  
  65  19:56  SCV  
  66  20:08  SCV  
  67  20:20  SCV  
  66  20:32  SCV  
  67  20:44  SCV  
Show
View Real Time Build Order
Export as new Build Order

ILIEKEGGPIE Zerg - Winner!

Build Orders: Hatch First 

Get SALT Encoding   

  12  0:01  Drone  
  13  0:10  Drone  
  14  0:17  Overlord  
  14  0:35  Drone x2  
  16  0:44  Drone  
  17  1:00  Drone x2  
  17  1:01  Hatchery  
  18  1:09  Extractor  
  17  1:16  Spawning Pool  
  16  1:19  Drone  
  16  1:22  Drone  
  18  1:33  Drone  
  19  1:47  Drone  
  19  1:54  Overlord  
  20  2:08  Queen  
  20  2:14  Queen  
  24  2:17  Metabolic Boost  
  24  2:19  Zergling x6  
  27  2:23  Drone  
  28  2:35  Drone x2  
  30  2:39  Roach Warren  
  29  3:06  Drone  
  29  3:07  Drone  
  29  3:08  Drone x4  
  29  3:10  Lair  
  35  3:25  Extractor, Queen  
  36  3:57  Overlord x2  
  36  4:15  Overlord, Queen  
  36  4:16  Overlord  
  38  4:17  Roach  
  38  4:18  Roach x6  
  38  4:20  Overlord  
  38  4:21  Overlord  
  52  4:35  Glial Reconstitution  
  52  4:56  Drone x3  
  52  4:57  Evolution Chamber  
  52  4:59  Evolution Chamber  
  53  5:13  Drone x3  
  53  5:14  Drone  
  57  5:26  Zerg Missile Weapons Level 1  
  57  5:28  Drone x6  
  61  5:29  Overlord x2, Hydralisk Den, Drone  
  61  5:30  Overlord  
  63  5:36  Drone  
  64  5:49  Roach x5  
  72  6:04  Roach x4  
  64  6:31  Drone x3  
  64  6:32  Drone  
  67  6:37  Queen  
  67  6:38  Extractor, Queen  
  70  6:40  Extractor  
  69  6:52  Drone x2  
  68  7:32  Burrow  
  60  7:59  Zergling x4  
  60  8:00  Zergling x2  
  60  8:04  Drone x2  
  63  8:12  Drone x4  
  63  8:13  Overlord  
  57  8:29  Drone x2  
  59  8:38  Hatchery  
  59  8:40  Zerg Missile Weapons Level 2  
  58  8:41  Zerg Ground Armor Level 1  
  58  8:42  Hydralisk  
  58  8:43  Hydralisk x4  
  58  8:44  Hydralisk, Roach  
  72  8:51  Drone x4  
  76  9:26  Spore Crawler, Hydralisk x4  
  76  9:27  Hydralisk x6, Roach  
  94  9:40  Overseer  
  94  9:44  Spore Crawler  
  90  9:47  Spore Crawler  
  90  9:49  Spore Crawler  
  84  10:05  Spore Crawler  
  83  10:10  Drone x31  
  82  10:19  Drone x2  
  84  10:40  Drone x5  
  84  10:42  Grooved Spines  
  89  10:44  Drone x2  
  91  11:00  Overseer  
  91  11:01  Drone x2  
  91  11:02  Drone  
  94  11:09  Queen  
  96  11:11  Queen  
  96  11:12  Queen  
  96  11:14  Zerg Ground Armor Level 2  
  100  11:19  Drone x4  
  104  11:30  Extractor  
  103  11:33  Extractor  
  99  11:58  Hydralisk  
  99  11:59  Hydralisk x2  
  99  12:01  Overlord x2  
  103  12:10  Overseer  
  103  12:11  Pneumatized Carapace  
  103  12:24  Drone  
  103  12:25  Drone  
  105  12:34  Drone  
  105  12:35  Drone x5  
  105  12:36  Overlord x6  
  111  12:58  Hydralisk  
  111  12:59  Hydralisk x9  
  111  13:02  Drone x2  
  133  13:16  Hatchery  
  132  13:33  Nydus Network  
  131  13:37  Drone x3  
  131  13:38  Drone x3  
  137  13:43  Extractor  
  137  13:45  Extractor  
  135  14:08  Hydralisk  
  135  14:09  Hydralisk x4, Roach  
  143  14:10  Hydralisk x5, Roach x2  
  143  14:11  Hydralisk  
  143  14:16  Roach  
  163  14:30  Ravager x3  
  165  14:47  Hydralisk x2, Roach  
  165  14:48  Roach x2  
  165  14:49  Overlord x3  
  165  14:50  Overlord  
  175  15:17  Infestation Pit  
  174  15:22  Spire  
  174  15:24  Spire, Drone x2  
  174  15:34  Muscular Augments  
  174  15:54  Zergling x2  
  174  15:55  Zergling x34  
  192  16:01  Baneling Nest  
  191  16:17  Hive  
  191  16:41  Hatchery  
  191  16:44  Centrifical Hooks  
  191  16:45  Spore Crawler  
  189  16:50  Baneling x15  
  189  16:51  Baneling x6  
  189  17:18  Drone x3  
  162  18:00  Hydralisk  
  162  18:01  Hydralisk x18, Roach  
  162  18:02  Hydralisk x2  
  162  18:23  Corruptor x3  
  162  18:24  Corruptor x5  
  172  18:58  Extractor  
  172  19:02  Extractor  
  170  19:03  Greater Spire  
  166  19:36  Zergling x2  
  167  20:23  Brood Lord x6  
  167  20:24  Brood Lord x2  
  183  21:35  Spore Crawler  
  183  21:36  Spore Crawler  
Tags
 
Matchup
TvZ
Replay Pack
Multi
Spawn Locations
Cross Positions
Add a new tag
Caveats
  • Supply blocks, unpowered buildings, or Contaminate may cause inaccurate times.
  • Supply counts are checked every 10 seconds.